BLB
MONTREAL EXPORTS @ TORONTO CANADIANS
09/24/2063
 
TOP OF THE 1ST
Montreal Exports batting - Pitching for Toronto Canadians : LHP Zane Hastings
Pitching: LHP Zane Hastings
Batting: RHB Camron Rispoli 0-0: Ball
1-0: Fly out, F8 (Flyball, 8RD, EV 93.1 MPH)
Batting: RHB Eli Tracy 0-0: Called Strike
0-1: Ball
1-1: Ball
2-1: Swinging Strike
2-2: Strikes out swinging
Batting: RHB Andy Christman 0-0: Ball
1-0: Ball
2-0: Called Strike
2-1: Swinging Strike
2-2: Ground out 5-3 (Groundball, 5S, EV 72.5 MPH)
Top of the 1st over - 0 runs, 0 hits, 0 errors, 0 left on base; Montreal 0 - Toronto 0
BOTTOM OF THE 1ST
Toronto Canadians batting - Pitching for Montreal Exports : RHP Jonathon Berman
Pitching: RHP Jonathon Berman
Batting: RHB Olin Keele 0-0: Called Strike
0-1: Ground out 4-3 (Groundball, 4, EV 81.9 MPH)
Batting: LHB Brian Wheat 0-0: Ground out 1-3 (Groundball, 15, EV 66.9 MPH)
Batting: LHB Chase Calhoun 0-0: Called Strike
0-1: Ball
1-1: Called Strike
1-2: Foul Ball, location: 2F
1-2: Foul Ball, location: 2F
1-2: Ball
2-2: Foul Ball, location: 2F
2-2: Ball
3-2: SOLO HOME RUN (Flyball, 9D, EV 93.8 MPH), Distance : 340 ft
Batting: LHB Steve bin Hakim 0-0: Ball
1-0: Swinging Strike
1-1: Called Strike
1-2: Ball
2-2: Ball
3-2: Foul Ball, location: 2F
3-2: Strikes out swinging
Bottom of the 1st over - 1 run, 1 hit, 0 errors, 0 left on base; Montreal 0 - Toronto 1
TOP OF THE 2ND
Montreal Exports batting - Pitching for Toronto Canadians : LHP Zane Hastings
Batting: RHB Vincent Manning 0-0: Foul Ball, location: 2F
0-1: Ball
1-1: Ball
2-1: Ball
3-1: Called Strike
3-2: Base on Balls
Batting: LHB Teddy Burch 0-0: Ball
1-0: Ball
2-0: Called Strike
2-1: SINGLE (Flyball, 78S, EV 90.6 MPH)
Vincent Manning to second
Batting: RHB Henry Miller 0-0: Ball
1-0: Fly out, F8 (Flyball, 8RS, EV 89.4 MPH)
Batting: RHB Devyn Glover 0-0: Fly out, F9 (Flyball, 9D, EV 97.5 MPH)
Runner from 2nd tags up, SAFE at 3rd, no throw by RF
Batting: RHB Charleston Chesney 0-0: Foul Ball, location: 2F
0-1: Ball
1-1: Foul Ball, location: 2F
1-2: Strikes out looking
Top of the 2nd over - 0 runs, 1 hit, 0 errors, 2 left on base; Montreal 0 - Toronto 1
BOTTOM OF THE 2ND
Toronto Canadians batting - Pitching for Montreal Exports : RHP Jonathon Berman
Batting: RHB Julius Simpson 0-0: Called Strike
0-1: Ball
1-1: Ball
2-1: Foul Ball, location: 2F
2-2: Strikes out swinging
Batting: RHB Landon Zitter 0-0: Fly out, F7 (Flyball, 7, EV 96.2 MPH)
Batting: RHB Keon Pryor 0-0: Ground out 1-3 (Groundball, 34S, EV 66.9 MPH)
Bottom of the 2nd over - 0 runs, 0 hits, 0 errors, 0 left on base; Montreal 0 - Toronto 1
TOP OF THE 3RD
Montreal Exports batting - Pitching for Toronto Canadians : LHP Zane Hastings
Batting: RHB Cody Henning 0-0: Ball
1-0: Called Strike
1-1: Swinging Strike
1-2: Ball
2-2: Strikes out looking
Batting: RHB Camron Rispoli 0-0: Ball
1-0: Fly out, F7 (Flyball, 7, EV 88.1 MPH)
Batting: RHB Eli Tracy 0-0: Foul Ball, location: 2F
0-1: Foul Ball, location: 2F
0-2: Ball
1-2: SINGLE (Groundball, 56D, EV 95.0 MPH)
Batting: RHB Andy Christman 0-0: Ball
1-0: Ball
2-0: Foul Ball, location: 2F
2-1: Ball
3-1: Fly out, F9 (Flyball, 9LSF, EV 91.9 MPH)
Top of the 3rd over - 0 runs, 1 hit, 0 errors, 1 left on base; Montreal 0 - Toronto 1
BOTTOM OF THE 3RD
Toronto Canadians batting - Pitching for Montreal Exports : RHP Jonathon Berman
Batting: RHB Orrin Perkins 0-0: Ball
1-0: SINGLE (Line Drive, 8RS, EV 93.1 MPH)
Batting: RHB Ken Daly 0-0: Fielders Choice at 2nd, 5-4 (Groundball, 56D, EV 80.0 MPH)
Batting: RHB Olin Keele 0-0: Foul Ball, location: 2F
0-1: Swinging Strike
0-2: Fly out, F8 (Flyball, 8RD, EV 96.9 MPH)
Batting: LHB Brian Wheat Pickoff Throw to First - Error! E1
Ken Daly to second
0-0: Called Strike
0-1: Ball
1-1: Called Strike
1-2: Ball
2-2: Fly out, F7 (Flyball, 78M, EV 79.4 MPH)
Bottom of the 3rd over - 0 runs, 1 hit, 1 error, 1 left on base; Montreal 0 - Toronto 1
TOP OF THE 4TH
Montreal Exports batting - Pitching for Toronto Canadians : LHP Zane Hastings
Batting: RHB Vincent Manning 0-0: Foul Ball, location: 2F
0-1: Ball
1-1: Swinging Strike
1-2: Foul Ball, location: 2F
1-2: Foul Ball, location: 2F
1-2: SINGLE (Groundball, 56D, EV 99.4 MPH)
Batting: LHB Teddy Burch 0-0: Ball
1-0: Swinging Strike
1-1: Called Strike
1-2: Strikes out swinging
Batting: RHB Henry Miller 0-0: Grounds into double play, 5-4-3 (Groundball, 56, EV 88.8 MPH)
Top of the 4th over - 0 runs, 1 hit, 0 errors, 0 left on base; Montreal 0 - Toronto 1
BOTTOM OF THE 4TH
Toronto Canadians batting - Pitching for Montreal Exports : RHP Jonathon Berman
Batting: LHB Chase Calhoun 0-0: Foul Ball, location: 2F
0-1: Ground out 2-3 (Groundball, 2R, EV 61.9 MPH)
Batting: LHB Steve bin Hakim 0-0: Ball
1-0: Ball
2-0: Called Strike
2-1: Called Strike
2-2: Strikes out swinging
Batting: RHB Julius Simpson 0-0: Ball
1-0: DOUBLE (Line Drive, 7LM, EV 114.4 MPH)
Batting: RHB Landon Zitter 0-0: Swinging Strike
0-1: Ball
1-1: Fly out, F8 (Line Drive, 8RS, EV 87.5 MPH)
Bottom of the 4th over - 0 runs, 1 hit, 0 errors, 1 left on base; Montreal 0 - Toronto 1
TOP OF THE 5TH
Montreal Exports batting - Pitching for Toronto Canadians : LHP Zane Hastings
Batting: RHB Devyn Glover 0-0: Ball
1-0: SINGLE (Line Drive, 56, EV 93.8 MPH)
Batting: RHB Charleston Chesney 0-0: Ball
1-0: Foul Ball, location: 2F
1-1: Fly out, F9 (Flyball, 9S, EV 85.6 MPH)
Batting: RHB Cody Henning 0-0: Called Strike
0-1: Called Strike
0-2: Strikes out swinging
Batting: RHB Camron Rispoli 0-0: Ball
1-0: Fly out, F8 (Flyball, 8LXD, EV 101.9 MPH)
Top of the 5th over - 0 runs, 1 hit, 0 errors, 1 left on base; Montreal 0 - Toronto 1
BOTTOM OF THE 5TH
Toronto Canadians batting - Pitching for Montreal Exports : RHP Jonathon Berman
Batting: RHB Keon Pryor 0-0: SINGLE (Line Drive, 7S, EV 106.2 MPH)
Batting: RHB Orrin Perkins 0-0: Ball
1-0: Bunted foul
1-1: Ball
2-1: Sac Bunt to 13S - play at first, batter OUT! 1-3
Keon Pryor to second
Batting: RHB Ken Daly 0-0: Ball
1-0: Called Strike
1-1: Swinging Strike
1-2: Ground out 4-3 (Groundball, 4, EV 77.5 MPH)
Keon Pryor to third
Batting: RHB Olin Keele 0-0: Foul Ball, location: 2F
0-1: Foul Ball, location: 2F
0-2: Ball
1-2: Strikes out swinging, 2-3 out at first.
Bottom of the 5th over - 0 runs, 1 hit, 0 errors, 1 left on base; Montreal 0 - Toronto 1
TOP OF THE 6TH
Montreal Exports batting - Pitching for Toronto Canadians : LHP Zane Hastings
Batting: RHB Eli Tracy 0-0: Called Strike
0-1: Foul Ball, location: 2F
0-2: Ball
1-2: Ball
2-2: Foul Ball, location: 2F
2-2: Foul Ball, location: 2F
2-2: Strikes out swinging
Batting: RHB Andy Christman 0-0: Called Strike
0-1: Ball
1-1: Swinging Strike
1-2: Ball
2-2: Strikes out swinging
Batting: RHB Vincent Manning 0-0: Called Strike
0-1: Ball
1-1: Fly out, F7 (Flyball, 7LS, EV 95.0 MPH)
Top of the 6th over - 0 runs, 0 hits, 0 errors, 0 left on base; Montreal 0 - Toronto 1
BOTTOM OF THE 6TH
Toronto Canadians batting - Pitching for Montreal Exports : RHP Jonathon Berman
Batting: LHB Brian Wheat 0-0: Swinging Strike
0-1: Ball
1-1: Foul Ball, location: 2F
1-2: Strikes out swinging
Batting: LHB Chase Calhoun 0-0: Foul Ball, location: 2F
0-1: Ball
1-1: Ball
2-1: Ball
3-1: DOUBLE (Line Drive, 9LS, EV 106.9 MPH)
Batting: LHB Steve bin Hakim 0-0: Called Strike
0-1: Ball
1-1: Swinging Strike
1-2: Strikes out swinging
Batting: RHB Julius Simpson 0-0: Called Strike
0-1: Ground out 6-3 (Groundball, 6S, EV 83.1 MPH)
Bottom of the 6th over - 0 runs, 1 hit, 0 errors, 1 left on base; Montreal 0 - Toronto 1
TOP OF THE 7TH
Montreal Exports batting - Pitching for Toronto Canadians : LHP Zane Hastings
Batting: LHB Teddy Burch 0-0: Ground out 6-3 (Groundball, 6, EV 75.6 MPH)
Batting: RHB Henry Miller 0-0: Swinging Strike
0-1: Foul Ball, location: 2F
0-2: Ball
1-2: Ball
2-2: Strikes out swinging
Batting: RHB Devyn Glover 0-0: Called Strike
0-1: Called Strike
0-2: Ball
1-2: Ball
2-2: Ball
3-2: SINGLE (Line Drive, 78S, EV 92.5 MPH)
Batting: RHB Charleston Chesney 0-0: Ball
1-0: Ball
2-0: Called Strike
2-1: Fly out, F8 (Flyball, 8RS, EV 85.0 MPH)
Top of the 7th over - 0 runs, 1 hit, 0 errors, 1 left on base; Montreal 0 - Toronto 1
BOTTOM OF THE 7TH
Toronto Canadians batting - Pitching for Montreal Exports : RHP Jonathon Berman
Batting: RHB Landon Zitter 0-0: Ball
1-0: Called Strike
1-1: Fly out, F8 (Flyball, 8LD, EV 88.1 MPH)
Pitching: RHP Kevin Tickles
Batting: RHB Keon Pryor 0-0: Fly out, F9 (Flyball, 89D, EV 88.8 MPH)
Batting: RHB Orrin Perkins 0-0: Ball
1-0: Ball
2-0: Ball
3-0: Called Strike
3-1: Foul Ball, location: 2F
3-2: Foul Ball, location: 2F
3-2: Foul Ball, location: 2F
3-2: Ground out 6-3 (Groundball, 6MS, EV 73.1 MPH)
Bottom of the 7th over - 0 runs, 0 hits, 0 errors, 0 left on base; Montreal 0 - Toronto 1
TOP OF THE 8TH
Montreal Exports batting - Pitching for Toronto Canadians : LHP Zane Hastings
Batting: RHB Cody Henning 0-0: Called Strike
0-1: Ball
1-1: Fly out, F9 (Flyball, 9, EV 83.1 MPH)
Batting: RHB Camron Rispoli 0-0: Ball
1-0: Called Strike
1-1: Foul Ball, location: 2F
1-2: Foul Ball, location: 2F
1-2: Ball
2-2: SINGLE (Line Drive, 56D, EV 96.2 MPH)
Batting: RHB Eli Tracy 0-0: Swinging Strike
0-1: Hit by Pitch
Camron Rispoli to second
Batting: RHB Andy Christman 0-0: Ball
1-0: SINGLE (Line Drive, 9S, EV 93.8 MPH)
Camron Rispoli to third
Eli Tracy to second
Runner from 3rd tries for Home, SAFE, throw by RF to home
Eli Tracy to third
Andy Christman to second
Batting: RHB Vincent Manning 0-0: Intentional Walk
Pitching: RHP Peyton Gerber
Batting: LHB Teddy Burch 0-0: Called Strike
0-1: Ball
1-1: Swinging Strike
1-2: Foul Ball, location: 2F
1-2: Foul Ball, location: 2F
1-2: Strikes out looking
Batting: RHB Henry Miller 0-0: Ball
1-0: Called Strike
1-1: Foul Ball, location: 2F
1-2: Foul Ball, location: 2F
1-2: Ball
2-2: Ball
3-2: Foul Ball, location: 2F
3-2: Ground out 5-3 (Groundball, 5, EV 89.4 MPH)
Top of the 8th over - 1 run, 2 hits, 0 errors, 3 left on base; Montreal 1 - Toronto 1
BOTTOM OF THE 8TH
Toronto Canadians batting - Pitching for Montreal Exports : RHP Kevin Tickles
Pitching: LHP Benjamin Racek
Batting: RHB Ken Daly 0-0: Ground out 1-3 (Groundball, 13S, EV 65.0 MPH)
Batting: RHB Olin Keele 0-0: Ball
1-0: Ball
2-0: Called Strike
2-1: Ground out 5-3 (Groundball, 56S, EV 76.9 MPH)
Batting: LHB Brian Wheat 0-0: Called Strike
0-1: Ground out 1-3 (Groundball, 34S, EV 62.5 MPH)
Bottom of the 8th over - 0 runs, 0 hits, 0 errors, 0 left on base; Montreal 1 - Toronto 1
TOP OF THE 9TH
Montreal Exports batting - Pitching for Toronto Canadians : RHP Peyton Gerber
Batting: RHB Devyn Glover 0-0: Called Strike
0-1: Called Strike
0-2: Strikes out swinging
Batting: LHB Dimitri Mallard 0-0: Ball
1-0: Ball
2-0: Called Strike
2-1: Called Strike
2-2: SINGLE (Line Drive, 34D, EV 96.2 MPH)
Batting: RHB Cody Henning 0-0: Called Strike
0-1: Ball
1-1: Ball
2-1: Ball
3-1: Foul Ball, location: 2F
3-2: Base on Balls
Dimitri Mallard to second
Batting: RHB Camron Rispoli 0-0: Called Strike
0-1: Foul Ball, location: 2F
0-2: Foul Ball, location: 2F
0-2: Foul Ball, location: 2F
0-2: Ball
1-2: Strikes out swinging
Pitching: RHP Bailey Sharples
Batting: RHB Eli Tracy 0-0: Ball
1-0: Ball
2-0: Ball
3-0: Called Strike
3-1: Fly out, F9 (Flyball, 9S, EV 75.6 MPH)
Top of the 9th over - 0 runs, 1 hit, 0 errors, 2 left on base; Montreal 1 - Toronto 1
BOTTOM OF THE 9TH
Toronto Canadians batting - Pitching for Montreal Exports : LHP Benjamin Racek
Batting: LHB Chase Calhoun 0-0: Ball
1-0: Called Strike
1-1: Ball
2-1: Fly out, F9 (Line Drive, 9, EV 92.5 MPH)
Pinch Hitting: RHB Kyle Levin 0-0: Ball
1-0: Called Strike
1-1: Fly out, F8 (Flyball, 8RM, EV 79.4 MPH)
Batting: RHB Julius Simpson 0-0: Ground out 6-3 (Groundball, 6, EV 91.2 MPH)
Bottom of the 9th over - 0 runs, 0 hits, 0 errors, 0 left on base; Montreal 1 - Toronto 1
TOP OF THE 10TH
Montreal Exports batting - Pitching for Toronto Canadians : RHP Bailey Sharples
Now in RF: D'Angelo James
Batting: RHB Andy Christman 0-0: Ball
1-0: Called Strike
1-1: Foul Ball, location: 2F
1-2: Ground out 5-3 (Groundball, 56S, EV 85.0 MPH)
Batting: RHB Vincent Manning 0-0: SINGLE (Line Drive, 7S, EV 84.4 MPH)
Batting: LHB Teddy Burch 0-0: Ball
1-0: SINGLE (Flyball, 4MD, EV 88.1 MPH)
Vincent Manning to second
Batting: RHB Henry Miller 0-0: Called Strike
0-1: Called Strike
0-2: Strikes out swinging
Batting: RHB Devyn Glover 0-0: Ball
1-0: Swinging Strike
1-1: Fielders Choice at 2nd, 6-4 (Groundball, 6, EV 102.5 MPH)
Top of the 10th over - 0 runs, 2 hits, 0 errors, 2 left on base; Montreal 1 - Toronto 1
BOTTOM OF THE 10TH
Toronto Canadians batting - Pitching for Montreal Exports : LHP Benjamin Racek
Batting: RHB Landon Zitter 0-0: Called Strike
0-1: Foul Ball, location: 2F
0-2: Strikes out swinging
Batting: RHB Keon Pryor 0-0: Ball
1-0: Called Strike
1-1: Foul Ball, location: 2F
1-2: Fly out, F9 (Flyball, 9D, EV 95.6 MPH)
Batting: RHB Orrin Perkins 0-0: Ball
1-0: Ball
2-0: Swinging Strike
2-1: Ground out 6-3 (Groundball, 56, EV 106.9 MPH)
Bottom of the 10th over - 0 runs, 0 hits, 0 errors, 0 left on base; Montreal 1 - Toronto 1
TOP OF THE 11TH
Montreal Exports batting - Pitching for Toronto Canadians : RHP Bailey Sharples
Batting: LHB Dimitri Mallard 0-0: Foul Ball, location: 2F
0-1: Foul Ball, location: 2F
0-2: Ball
1-2: Ball
2-2: Foul Ball, location: 2F
2-2: Ball
3-2: Ground out 4-3 (Groundball, 4, EV 103.8 MPH)
Batting: RHB Cody Henning 0-0: Ground out 6-3 (Groundball, 6, EV 91.9 MPH)
Batting: RHB Camron Rispoli 0-0: Ball
1-0: Called Strike
1-1: Foul Ball, location: 2F
1-2: Foul Ball, location: 2F
1-2: Ball
2-2: Strikes out looking
Top of the 11th over - 0 runs, 0 hits, 0 errors, 0 left on base; Montreal 1 - Toronto 1
BOTTOM OF THE 11TH
Toronto Canadians batting - Pitching for Montreal Exports : LHP Benjamin Racek
Batting: RHB Ken Daly 0-0: Called Strike
0-1: Ground out 6-3 (Groundball, 6, EV 105.6 MPH)
Batting: RHB Olin Keele 0-0: Ground out 4-3 (Groundball, 4, EV 104.4 MPH)
Batting: LHB Brian Wheat 0-0: Swinging Strike
0-1: Ball
1-1: Foul Ball, location: 2F
1-2: SINGLE (Line Drive, 6MD, EV 103.8 MPH)
Batting: LHB Chase Calhoun 0-0: Called Strike
0-1: Called Strike
0-2: Strikes out swinging
Bottom of the 11th over - 0 runs, 1 hit, 0 errors, 1 left on base; Montreal 1 - Toronto 1
TOP OF THE 12TH
Montreal Exports batting - Pitching for Toronto Canadians : RHP Bailey Sharples
Batting: RHB Eli Tracy 0-0: Ball
1-0: Called Strike
1-1: Fly out, F9 (Flyball, 9LM, EV 91.9 MPH)
Batting: RHB Andy Christman 0-0: Called Strike
0-1: Ball
1-1: Swinging Strike
1-2: Ball
2-2: Strikes out swinging
Batting: RHB Vincent Manning 0-0: Ball
1-0: Foul Ball, location: 2F
1-1: Hit by Pitch
Pitching: RHP Dionte Claridy
Batting: LHB Teddy Burch 0-0: Ball
1-0: Foul Ball, location: 2F
1-1: Called Strike
1-2: Foul Ball, location: 2F
1-2: Ball
2-2: Ball
3-2: Strikes out swinging
Top of the 12th over - 0 runs, 0 hits, 0 errors, 1 left on base; Montreal 1 - Toronto 1
BOTTOM OF THE 12TH
Toronto Canadians batting - Pitching for Montreal Exports : LHP Benjamin Racek
Pitching: RHP Brad Zook
Pinch Hitting: SHB Howell Blanchet 0-0: Ball
1-0: Swinging Strike
1-1: Ball
2-1: Foul Ball, location: 2F
2-2: Foul Ball, location: 2F
2-2: Strikes out looking
Batting: RHB Julius Simpson 0-0: Ball
1-0: Foul Ball, location: 2F
1-1: Foul Ball, location: 2F
1-2: Ball
2-2: Foul Ball, location: 2F
2-2: Foul Ball, location: 2F
2-2: Strikes out swinging
Batting: RHB Landon Zitter 0-0: Ball
1-0: SINGLE (Line Drive, 89S, EV 93.1 MPH)
Batting: RHB Keon Pryor 0-0: Called Strike
0-1: Swinging Strike
0-2: Ball
1-2: Ball
2-2: DOUBLE (Line Drive, 7LM, EV 91.9 MPH)
Landon Zitter to third
Runner from 3rd tries for Home, SAFE, no throw by LF
Bottom of the 12th over - 1 run, 2 hits, 0 errors, 1 left on base; Montreal 1 - Toronto 2
Monday, December 16th , 2024 - OOTP Baseball 23.10 Build 110